 Dungeon Crawl Stone Soup version 0.28-a0-1002-gf00fe891ef (webtiles) character file.

Game seed: 4379649619450073027

12988 fragbeetle the Cleaver (level 11, -55/99 HPs)
             Began as a Minotaur Fighter on Dec 6, 2021.
             Was a Priest of the Shining One.
             Annihilated by a titanic slime creature (79 damage)
             ... on level 13 of the Dungeon.
             The game lasted 00:37:51 (11598 turns).

fragbeetle the Cleaver (Minotaur Fighter)          Turns: 11598, Time: 00:37:52

Health: -55/99     AC: 13    Str: 26    XL:     11   Next: 69%
Magic:  10/10      EV: 10    Int:  7    God:    the Shining One [***...]
Gold:   673        SH: 12    Dex: 16    Spells: 9/10 levels left

rFire   . . .      SeeInvis .   J - +11 mace "Jellybane" {venom, Dex+7}
rCold   + . .      Faith    +   A - +1 kite shield
rNeg    + . .      Spirit   .   N - +5 robe of Kudom {rElec rPois Str+2}
rPois   +          Reflect  .   (helmet restricted)
rElec   +          Harm     .   M - +1 cloak
rCorr   .          Rampage  .   z - +2 pair of gloves {hurl}
Will    .....                   (no boots)
Stlth   +.........              S - amulet of faith
HPRegen 0.26/turn               j - ring of wizardry
MPRegen 0.12/turn               P - ring of protection from cold

@: glowing
A: horns 2, retaliatory headbutt
a: Renounce Religion, Divine Shield, Cleansing Flame


You were on level 13 of the Dungeon.
You worshipped the Shining One.
The Shining One was most pleased with you.
You visited 2 branches of the dungeon, and saw 14 of its levels.

You collected 868 gold pieces.
You spent 195 gold pieces at shops.

Inventory:

Hand Weapons
 c - the +7 long sword of Fuzzy Defiance {holy, Fragile rN+ rCorr Dex+3}
   (You found it on level 8 of the Dungeon)

   It has been blessed by the Shining One to cause great damage to the undead
   and demons.
   Dex:       It affects your dexterity (+3).
   rN:        It protects you from negative energy.
   rCorr:     It protects you from acid and corrosion.
   Fragile:   It will be destroyed if unequipped.
 t - a +2 executioner's axe of electrocution
 J - the +11 mace "Jellybane" (weapon) {venom, Dex+7}
   (You found it on level 8 of the Dungeon)

   It poisons the flesh of those it strikes.
   Dex:       It affects your dexterity (+7).
 K - a +4 scimitar of flaming
 R - a +2 dire flail of protection
Missiles
 a - 7 silver javelins
 q - 178 stones (quivered)
 G - 2 silver boomerangs
 T - 4 throwing nets
Armour
 b - a +2 buckler
 g - a scarf of shadows
 k - a +0 scale mail of poison resistance
 z - a +2 pair of gloves of hurling (worn)
 A - a +1 kite shield (worn)
 H - a +0 tower shield
 M - a +1 cloak (worn)
 N - the +5 robe of Kudom (worn) {rElec rPois Str+2}
   (You found it on level 8 of the Dungeon)

   Str:       It affects your strength (+2).
   rElec:     It insulates you from electricity.
   rPois:     It protects you from poison.
Jewellery
 j - a ring of wizardry (left hand)
 p - a ring of wizardry
 v - a ring of resist corrosion
 w - a ring of see invisible
 y - an amulet of magic regeneration
 P - a ring of protection from cold (right hand)
 S - an amulet of faith (around neck)
 U - an amulet of the acrobat
Wands
 x - a wand of polymorph (7)
 F - a wand of flame (3)
 L - a wand of iceblast (19)
Scrolls
 e - 3 scrolls of blinking {unknown}
 f - a scroll of enchant armour
 i - 3 scrolls of fear
 l - a scroll of acquirement
 m - 2 scrolls of torment
 o - 2 scrolls of immolation
 r - 4 scrolls of teleportation
 B - a scroll of summoning {unknown}
 D - a scroll of vulnerability {unknown}
 O - a scroll of amnesia {unknown}
 Q - a scroll of magic mapping {unknown}
 V - a scroll of enchant weapon {unknown}
Potions
 d - a potion of might
 h - a potion of brilliance {unknown}
 n - 2 potions of cancellation
 s - 2 potions of haste {unknown}
 u - 4 potions of attraction {unknown}
 C - 2 potions of heal wounds {unknown}
 E - 2 potions of flight {unknown}
 I - 4 potions of curing {unknown}


   Skills:
 + Level 9.8 Fighting
 + Level 12.1(14.0) Axes
 + Level 11.3(13.5) Maces & Flails
 + Level 1.5 Throwing
 + Level 9.4 Armour
 - Level 2.7 Stealth
 + Level 8.8 Shields
 * Level 0.4 Evocations


You had 9 spell levels left.
You knew the following spells:

 Your Spells              Type           Power      Damage    Failure   Level
a - Shock                 Conj/Air       0%         1d3       36%         1

Your spell library contained the following spells:

 Spells                   Type           Power      Damage    Failure   Level
 Blink                    Tloc           0%         N/A       50%         2
 Swiftness                Air            0%         N/A       71%         3
 Lesser Beckoning         Tloc           0%         N/A       73%         3
 Airstrike                Air            0%         N/A       98%         4
 Summon Lightning Spire   Summ/Air       0%         N/A       98%         4
 Manifold Assault         Tloc           0%         N/A       100%        5
 Storm Form               Tmut/Air       0%         N/A       100%        7
 Maxwell's Capacitive Co  Air            0%         ∞         100%        8


Dungeon Overview and Level Annotations

Branches:
Dungeon (13/15)            Temple (1/1) D:4            Lair (0/6) D:11
    Orc (0/2) D:11
 Vaults: D:13-14

Altars:
Ashenzari
Cheibriados
Dithmenos
Elyvilon
Fedhas
Gozag
Hepliaklqana
Kikubaaqudgha
Makhleb
Nemelex Xobeh
Okawaru
Qazlal
Ru
Sif Muna
Trog
Uskayaw
Vehumet
Wu Jian
Xom
Yredelemnul
Zin
The Shining One

Shops:
D:5 [   D:6 =   D:8 =   D:12 (!

Portals:
Trove: D:10 (give 5 scrolls of fear)

Annotations:
D:12 2 transporters


Innate Abilities, Weirdness & Mutations

You have a pair of horns on your head.
You reflexively headbutt those who attack you in melee.


Message History

You bludgeon the very large slime creature!!
The very large slime creature looks as sick as possible!
The very large slime creature is heavily wounded.
Two slime creatures merge to form an enormous slime creature.
Two slime creatures merge to form a titanic slime creature.
You hit the titanic slime creature.
The titanic slime creature is moderately wounded.
The titanic slime creature closely misses you.
You hit the titanic slime creature.
The titanic slime creature is moderately wounded.
The titanic slime creature closely misses you.
You thump the titanic slime creature!
You headbutt the titanic slime creature!
The titanic slime creature is heavily wounded.
You block the titanic slime creature's attack.
You hit the titanic slime creature.
You headbutt the titanic slime creature!
The titanic slime creature is heavily wounded.
You sock the titanic slime creature!
You headbutt the titanic slime creature.
The titanic slime creature is heavily wounded.
The titanic slime creature hits you!!!
You hit the titanic slime creature.
You headbutt the titanic slime creature!
The titanic slime creature is severely wounded.
You block the titanic slime creature's attack.
You sock the titanic slime creature!
The titanic slime creature looks as sick as possible!
The titanic slime creature is severely wounded.
The titanic slime creature hits you!!!
* * * LOW HITPOINT WARNING * * *
Okay, then.
Okay, then.
You bludgeon the titanic slime creature!!
The titanic slime creature looks as sick as possible!
You headbutt the titanic slime creature.
The titanic slime creature is severely wounded.
The titanic slime creature hits you!!!!
Ouch! That really hurt!
You die...

.# .# .# ##.###
#....# ####+##
#....#### .......
#####........
...[...#####J@...[..#
.......'.....###....#
.......####### #....#
....... #....#
##+#### ###.## ##.#
#..# #.## ####'#####


You could see a titanic slime creature (extremely poisoned).

Vanquished Creatures
  Harold (D:10)
  Erica (D:8)
  3 two-headed ogres
  A deep elf pyromancer (D:10)
  A cyclops (D:11)
  Maurice (D:8)
  A gargoyle (D:12)
  2 unseen horrors
  3 trolls
  19 yaks
  Grum (D:8)
  Eustachio (D:6)
  2 steam dragons
  Menkaure (D:6)
  A water moccasin (D:7)
  2 sky beasts (D:5)
  9 orc warriors
  2 black bears
  3 ogres
  A centaur (D:6)
  4 wolves (D:8)
  2 phantoms
  3 kobold brigands
  3 bullfrogs
  2 gnoll sergeants
  3 scorpions
  5 wights (D:9)
  2 howler monkeys
  4 hounds
  2 bullfrog skeletons
  A centaur zombie (D:7)
  5 orc priests
  A centaur skeleton (D:5)
  2 iguanas
  10 orc wizards
  A hound zombie (D:5)
  14 gnolls
  A howler monkey skeleton (D:5)
  9 adders
  An ufetubus (D:4)
  A worm (D:3)
  4 dart slugs
  32 orcs
  5 bats
  8 endoplasms
  5 giant cockroaches
  7 goblins
  4 hobgoblins
  4 jackals (D:5)
  6 quokkas
  3 training dummies (D:12)
  6 ball pythons
  A frilled lizard (D:3)
  18 kobolds
  23 rats
258 creatures vanquished.

Notes
Turn   | Place    | Note
-------+----------+-------------------------------------------
     0 | D:1      | fragbeetle the Minotaur Fighter began the quest for the
                  | Orb.
     0 | D:1      | Reached XP level 1. HP: 19/19 MP: 0/0
    68 | D:1      | You fall into a shaft and drop 1 floor!
    68 | D:2      | Found a snail-covered altar of Cheibriados.
   136 | D:1      | Reached XP level 2. HP: 25/27 MP: 1/1
   342 | D:1      | Found a faded altar of an unknown god.
   690 | D:2      | Reached XP level 3. HP: 33/33 MP: 2/2
   815 | D:2      | Reached skill level 3 in Axes
   985 | D:2      | Reached XP level 4. HP: 36/40 MP: 3/3
  2081 | D:4      | Noticed a scorpion
  2417 | D:4      | Reached skill level 4 in Axes
  2417 | D:4      | Reached skill level 5 in Armour
  2417 | D:4      | Reached XP level 5. HP: 38/47 MP: 4/4
  2528 | D:4      | Reached skill level 5 in Axes
  2572 | D:4      | Reached XP level 6. HP: 53/55 MP: 5/5
  2725 | D:4      | Found a radiant altar of Vehumet.
  2756 | D:4      | Found a burning altar of Makhleb.
  2842 | D:4      | Found a staircase to the Ecumenical Temple.
  2909 | Temple   | Entered the Ecumenical Temple
  2924 | Temple   | Became a worshipper of the Shining One
  3131 | D:4      | Reached skill level 5 in Fighting
  3131 | D:4      | Reached skill level 6 in Axes
  3218 | D:5      | Entered Level 5 of the Dungeon
  3270 | D:5      | Reached XP level 7. HP: 61/61 MP: 6/6
  3472 | D:5      | Reached skill level 7 in Axes
  3796 | D:5      | Reached skill level 8 in Axes
  3902 | D:5      | Found Hycemon's Antique Armour Shoppe.
  3964 | D:5      | Bought a pair of embroidered gloves for 195 gold pieces
  4011 | D:6      | Found Ceihi's Jewellery Boutique.
  4027 | D:6      | Noticed Eustachio
  4027 | D:6      | Noticed a steam dragon
  4040 | D:6      | Killed a steam dragon
  4041 | D:6      | Reached XP level 8. HP: 23/70 MP: 7/7
  4268 | D:6      | Reached * piety under the Shining One
  4269 | D:6      | Noticed Menkaure
  4275 | D:6      | Killed Menkaure
  4276 | D:6      | Reached skill level 9 in Axes
  4276 | D:6      | Reached skill level 5 in Shields
  4528 | D:7      | Found a hide-covered altar of Uskayaw.
  4537 | D:7      | Found a snail-covered altar of Cheibriados.
  5247 | D:7      | Reached skill level 10 in Axes
  5436 | D:6      | Killed Eustachio
  5656 | D:6      | Noticed an unseen horror
  5663 | D:6      | Killed an unseen horror
  5664 | D:6      | Reached XP level 9. HP: 50/78 MP: 8/8
  5847 | D:6      | Reached skill level 11 in Axes
  5952 | D:6      | Reached skill level 1 in Stealth
  6974 | D:8      | Identified the +11 mace "Jellybane" {venom, Dex+7}
  7112 | D:8      | Found Nuenurgh's Jewellery Emporium.
  7125 | D:8      | Reached skill level 1 in Maces & Flails
  7146 | D:8      | Noticed Erica
  7158 | D:8      | Killed Erica
  7159 | D:8      | Reached skill level 12 in Axes
  7265 | D:8      | Noticed Grum
  7273 | D:8      | Killed Grum
  7274 | D:8      | Reached XP level 10. HP: 60/88 MP: 9/9
  7703 | D:8      | Noticed Maurice
  7714 | D:8      | Killed Maurice
  7751 | D:8      | Identified the +7 long sword of Fuzzy Defiance {holy,
                  | Fragile rN+ rCorr Dex+3}
  7761 | D:8      | Identified 2 scrolls of acquirement
  7761 | D:8      | Acquired a +2 executioner's axe of electrocution
  7932 | D:8      | Identified the +5 robe of Kudom {rElec rPois Str+2}
  8216 | D:9      | Reached skill level 5 in Maces & Flails
  8644 | D:9      | Noticed a two-headed ogre
  8651 | D:9      | Killed a two-headed ogre
  8758 | D:9      | Reached ** piety under the Shining One
  8936 | D:10     | Entered Level 10 of the Dungeon
  8973 | D:10     | Noticed a deep elf pyromancer
  8982 | D:10     | Killed a deep elf pyromancer
  9007 | D:10     | Noticed Harold
  9013 | D:10     | Killed Harold
  9014 | D:10     | Reached XP level 11. HP: 37/95 MP: 10/10
  9399 | D:10     | Learned a level 1 spell: Shock
  9543 | D:10     | Reached skill level 1 in Throwing
  9551 | D:10     | Found a portal to a secret trove of treasure.
  9822 | D:11     | Noticed a two-headed ogre
  9832 | D:11     | Killed a two-headed ogre
  9840 | D:11     | Reached skill level 10 in Maces & Flails
 10154 | D:11     | Found a staircase to the Orcish Mines.
 10165 | D:11     | Found a staircase to the Lair.
 10299 | D:11     | Noticed a two-headed ogre
 10308 | D:11     | Killed a two-headed ogre
 10529 | D:11     | Found a hide-covered altar of Uskayaw.
 10722 | D:12     | Found a transporter.
 10722 | D:12     | Found a transporter.
 10724 | D:12     | Reached *** piety under the Shining One
 10727 | D:12     | Noticed a two-headed ogre
 10727 | D:12     | Noticed an ogre mage
 10728 | D:12     | Noticed an orc sorcerer
 10728 | D:12     | Found the +0 pair of fencer's gloves {Riposte Dex+3}
 10811 | D:12     | Found Ycullaofu's Distillery.
 10833 | D:12     | Found Ilybuyvuvo's Firing Range.
 11598 | D:13     | Annihilated by a titanic slime creature

Illustrated notes

Levels and vault maps discovered:
D:1:      dpeg_arrival_solitude, layout_rooms,
          shapermc_ecumenical_altar_mp_vishouse
D:2:      wander_river, layout_basic, basic_altar, minmay_rat_hole
D:3:      kennysheep_the_goblin_king, layout_basic, hex_tiny,
          hangedman_decor_clover_reticule
D:4:      layout_cave_pools, vehumet_crystals, mainiacjoe_overflow_alcove_4,
          minmay_temple_entry_stoned_glass
D:5:      layout_rooms, serial_shops, nicolae_take_the_stairs
D:6:      layout_loops_ring, serial_shops, shop, uniq_menkaure, uniq_eustachio
D:7:      layout_basic, mainiacjoe_overflow_large_starburst,
          kennysheep_cluttered_room
D:8:      layout_basic, minmay_shop_enchanted_jewellery,
          chequers_serial_rivers_large_a, uniq_grum, uniq_maurice, uniq_erica
D:9:      layout_roguey
D:10:     layout_rooms, enter_trove_3, uniq_harold
D:11:     layout_loops_cross, lair_entry_dummy, orc_david_3,
          nicolae_uskayaw_murder_on_the_dancefloor
D:12:     gammafunk_beogh_shrine, layout_loops_ring, serial_shops, shop,
          nicolae_shop_firing_range
D:13:     layout_roguey, skrybe_vaults_entry_preservation
Temple:   nicolae_temple_no_exploring_needed

Skill      XL: |  1  2  3  4  5  6  7  8  9 10 11 |
---------------+----------------------------------+-----
Armour         | 4 5 6 7 8 9 |  9.4
Fighting       | 4 5 6 7 8 9 |  9.8
Shields        | 4 5 6 7 8 |  8.8
Axes           | 3 4 5 6 8 10 12 | 12.1
Stealth        | 1 2 |  2.7
Maces & Flails | 3 8 11 | 11.3
Throwing       | 1 |  1.5
Evocations     | |  0.4

Action                   |  1- 3 |  4- 6 |  7- 9 | 10-12 || total
-------------------------+-------+-------+-------+-------++-------
Melee: War axe           |    96 |   135 |   138 |       ||   369
       Headbutt          |    13 |    14 |    35 |    60 ||   122
       Mace              |       |       |    49 |   235 ||   284
Throw: Boomerang         |       |       |       |     4 ||     4
       Javelin           |       |       |       |     1 ||     1
 Cast: Shock             |       |       |       |     1 ||     1
  Use: Scroll            |       |       |     4 |     6 ||    10
       Potion            |       |       |     1 |       ||     1
Armor: Scale mail        |    45 |    64 |    68 |     1 ||   178
       Robe              |       |       |       |    49 ||    49
Dodge: Dodged            |    47 |    71 |    76 |    58 ||   252
Block: Buckler           |    20 |    42 |    23 |       ||    85
       Kite shield       |       |       |    34 |   100 ||   134

Table legend: (Time is in decaauts)
 A = Elapsed time spent in this place.
 B = Non-inter-level travel time spent in this place.
 C = Inter-level travel time spent in this place.
 D = Time resting spent in this place.
 E = Time spent auto-exploring this place.
 F = Levels seen in this place.
 G = Mean time per level.
                   A        B        C        D        E       F      G
               +--------+--------+--------+--------+--------+-----+--------+
         Total |  11732 |  11624 |    108 |   1980 |   5969 |  14 |  838.0 |
       Dungeon |  11709 |  11601 |    108 |   1980 |   5969 |  13 |  900.7 |
        Temple |     22 |     22 |      0 |      0 |      0 |   1 |   22.0 |
               +--------+--------+--------+--------+--------+-----+--------+

Top non-repeatable levels by time:
     D:8: 1538 daAuts
     D:7: 1416 daAuts
     D:6: 1248 daAuts
     D:2: 1026 daAuts
    D:11: 977 daAuts
     D:3: 915 daAuts
    D:12: 843 daAuts
     D:4: 836 daAuts
     D:9: 806 daAuts
    D:10: 778 daAuts
     D:5: 730 daAuts
     D:1: 536 daAuts
    D:13: 55 daAuts
  Temple: 22 daAuts
